 Dungeon Crawl Stone Soup version 0.19-a0-1051-gdb7e7f8 (console) character file.

6050 brucemayne the Cleaver (level 10, 0/76 HPs)
             Began as a Vampire Berserker on Aug 1, 2016.
             Was a Believer of Trog.
             Slain by a manticore (6 damage)
             ... on level 12 of the Dungeon.
             The game lasted 00:17:02 (3564 turns).

brucemayne the Cleaver (Vampire Berserker)          Turns: 3564, Time: 00:17:03

Health: 0/76       AC: 12    Str: 19    XL:     10   Next: 57%
Magic:  10/10      EV:  6    Int: 10    God:    Trog [**....]
Gold:   344        SH:  5    Dex: 14    Spells: 0 memorised, 9 levels left

rFire  . . .     SeeInvis +     r - +0 war axe
rCold  . . .     Gourm    .     F - +0 plate armour
rNeg   + . .     Faith    .     A - +0 buckler
rPois  .         Spirit   .     (no helmet)
rElec  .         Dismiss  .     (no cloak)
rCorr  .         Reflect  .     (no gloves)
SustAt .         Harm     .     g - +0 pair of boots
MR     +....     Rnd*Tele +     (no amulet)
Stlth  ..........               z - ring of teleportation (curse)
                                y - +2 ring of slaying

@: exhausted, about to teleport, manticore barbs, very slightly contaminated,
slowed, invisible, very slow, somewhat resistant to hostile enchantments,
extremely unstealthy
A: fangs 3, see invisible, unbreathing
a: Bat Form, Berserk, Trog's Hand, Burn Spellbooks, Renounce Religion


You were on level 12 of the Dungeon.
You worshipped Trog.
Trog was pleased with you.
You were not thirsty.

You visited 1 branch of the dungeon, and saw 13 of its levels.

You collected 344 gold pieces.

Inventory:

Hand Weapons
 a - a +0 hand axe
 d - the cursed +3 trident "Vampire's Peril" {antimagic, -Tele rPois rN+ Str+2}
   (You found it on level 6 of the Dungeon)

   It reduces the magical energy of the wielder, and disrupts the spells and
   magical abilities of those hit.
   Natural abilities and divine invocations are not affected.
   It affects your strength (+2).
   It protects you from poison.
   It protects you from negative energy.
   It prevents most forms of teleportation.
   It has a curse placed upon it.
 l - a +0 battleaxe
 o - a +6 flail of protection
 q - the +2 trident "Ucrisize" {distort, -Tele Int+3 Stlth+}
   (You found it on level 6 of the Dungeon)

   It warps and distorts space around it.
   Unwielding it can cause banishment or high damage.
   It affects your intelligence (+3).
   It prevents most forms of teleportation.
   It makes you more stealthy.
 r - a +0 war axe (weapon)
 x - a cursed -1 hand axe
 C - a +0 war axe
 D - a +0 blowgun
Missiles
 p - 29 poisoned needles
Armour
 b - a +0 animal skin
 g - a +0 pair of boots (worn)
 k - a +0 chain mail
 A - a +0 buckler (worn)
 F - a +0 plate armour (worn)
Jewellery
 t - a +3 ring of dexterity
 w - an uncursed ring of stealth
 y - a +2 ring of slaying (left hand)
 z - a cursed ring of teleportation (right hand)
Wands
 n - a wand of flame (27/48)
 B - a wand of polymorph (9/24)
Scrolls
 c - a scroll of teleportation
 h - a scroll of fog
 G - a scroll of amnesia {unknown}
 H - a scroll of random uselessness {unknown}
Potions
 f - a potion of degeneration {unknown}
 i - a potion of heal wounds {unknown}
 s - a potion of magic {unknown}
 u - a potion of haste {unknown}
 v - 19 potions of blood
 E - a potion of cure mutation {unknown}
Books
 j - a book of Ice

   Spells                             Type                      Level
   a - Ice Form                       Ice/Transmutation            4
   b - Metabolic Englaciation         Hexes/Ice                    5
   c - Ozocubu's Refrigeration        Ice                          6
   d - Bolt of Cold                   Conjuration/Ice              6
   e - Freezing Cloud                 Conjuration/Ice/Air          6
   f - Simulacrum                     Ice/Necromancy               6
   Trog disapproves of the use of such an item.


   Skills:
 - Level 5.7 Fighting
 + Level 12.8 Axes
 + Level 2.2 Armour
 - Level 2.1 Dodging
 - Level 4.2 Shields


You had 9 spell levels left.
You didn't know any spells.

Dungeon Overview and Level Annotations

Branches:
Dungeon (13/15)
 Temple: D:4-7         Lair: D:8-11         Orc: D:9-12      Vaults: D:13-14

Altars:
Gozag

Annotations:
D:8 exclusion: downstairs
D:10 exclusion: upstairs


Innate Abilities, Weirdness & Mutations

You have razor-sharp teeth.
You have supernaturally acute eyesight. (SInv)
You can survive without breathing.


Message History

The manticore claws you but does no damage.
The manticore closely misses you.
The manticore claws you but does no damage. x2
You are very lightly contaminated with residual magic.
You feel better. The manticore bites you.
* * * LOW HITPOINT WARNING * * *
The manticore claws you but does no damage.
The manticore claws you.
* * * LOW HITPOINT WARNING * * *
Okay, then.
Evoke which item? (* to show all) (? for menu, Esc to quit)
Okay, then.
Okay, then.
Evoke which item? (* to show all) (? for menu, Esc to quit)
Okay, then.
As you read the scroll of teleportation, it crumbles to dust.
You feel strangely unstable. The manticore bites you.
* * * LOW HITPOINT WARNING * * *
You block the manticore's attack. The manticore claws you.
You die...

.#........# #.......#
.#........# #.......#
...######## #...)...#
.### ########.......+
.### #.....##.......#
...####.....##.......#
.#.##.......####....##
.#.##...##### #.####
>..........# #@#
#####รท..##.# #...H..#
#......# # #......#
#......... [.......#
#........####...$..#
#........# #.......
#....##### #<....###
###### #.....#


You could see a manticore.

Vanquished Creatures
  An unseen horror (D:12)
  A deep elf mage (D:12)
  A manticore (D:12)
  A gargoyle (D:12)
  A centaur skeleton (D:10)
  A troll (D:11)
  A shadow (D:12)
  A wraith (D:10)
  Sigmund (D:6)
  5 yaks (D:12)
  A hippogriff (D:10)
  Edmund (D:5)
  2 orc warriors (D:12)
  2 ice beasts
  A wasp (D:12)
  A phantom (D:12)
  2 sky beasts
  3 ogres
  3 centaurs
  2 big kobolds
  2 giant frogs
  2 wyvern zombies
  A scorpion (D:5)
  A centaur zombie (D:9)
  2 crimson imps
  A giant frog zombie (D:6)
  A giant frog skeleton (D:10)
  6 hounds
  4 orc priests
  An iguana (D:10)
  5 orc wizards
  5 worker ants
  A killer bee zombie (D:10)
  A hound zombie (D:6)
  5 adders
  An adder zombie (D:6)
  3 worms
  A dart slug (D:5)
  15 orcs
  A ball python (D:4)
  2 bats (D:2)
  A giant cockroach (D:2)
  3 goblins
  3 hobgoblins (D:2)
  3 quokkas
  2 giant newts
  17 kobolds
  5 rats
127 creatures vanquished.

Vanquished Creatures (others)
  A plant (D:8)
1 creature vanquished.

Grand Total: 128 creatures vanquished

Notes
Turn   | Place    | Note
-------+----------+-------------------------------------------
     0 | D:1      | brucemayne the Vampire Berserker began the quest for the Orb.
     0 | D:1      | Reached XP level 1. HP: 17/17 MP: 1/1
    93 | D:2      | Reached skill level 3 in Axes
   148 | D:2      | Reached XP level 2. HP: 10/23 MP: 2/2
   373 | D:2      | Reached XP level 3. HP: 17/28 MP: 3/3
   375 | D:2      | Reached skill level 4 in Axes
   568 | D:2      | Reached ** piety under Trog
   666 | D:4      | Reached XP level 4. HP: 14/34 MP: 4/4
   682 | D:4      | Noticed an ogre
   730 | D:4      | Killed an ogre
   730 | D:4      | Reached skill level 5 in Axes
   730 | D:4      | Reached XP level 5. HP: 17/39 MP: 5/5
   753 | D:4      | Found an opulent altar of Gozag.
   830 | D:4      | Noticed an ogre
   905 | D:4      | Killed an ogre
   905 | D:4      | Reached skill level 6 in Axes
   905 | D:4      | Reached XP level 6. HP: 29/46 MP: 6/6
  1123 | D:5      | Entered Level 5 of the Dungeon
  1152 | D:5      | Reached skill level 7 in Axes
  1162 | D:5      | Reached XP level 7. HP: 5/51 MP: 7/7
  1196 | D:5      | Noticed Edmund
  1215 | D:5      | Killed Edmund
  1382 | D:6      | Noticed Sigmund
  1388 | D:6      | Killed Sigmund
  1388 | D:6      | Reached skill level 8 in Axes
  1603 | D:6      | HP: 2/53 [ice beast (3)]
  1640 | D:6      | HP: 3/79 [ice beast (13)]
  1643 | D:6      | Reached XP level 8. HP: 4/60 MP: 8/8
  1690 | D:6      | Got a slimy trident
  1691 | D:6      | Identified the +2 trident "Ucrisize" {distort, -Tele Int+3 Stlth+} (You found it on level 6 of the Dungeon)
  1758 | D:6      | Got a dazzling trident
  1770 | D:7      | Identified the cursed +3 trident "Vampire's Peril" {antimagic, -Tele rPois rN+ Str+2} (You found it on level 6 of the Dungeon)
  1933 | D:7      | Found an opulent altar of Gozag.
  2082 | D:10     | Entered Level 10 of the Dungeon
  2095 | D:10     | Reached skill level 5 in Fighting
  2113 | D:10     | HP: 1/93 [wraith (8)]
  2114 | D:10     | Reached skill level 9 in Axes
  2277 | D:9      | Noticed a troll
  2413 | D:10     | HP: 2/64 [centaur skeleton (5)]
  2416 | D:10     | Reached XP level 9. HP: 2/69 MP: 9/9
  2890 | D:11     | Noticed a troll
  2902 | D:11     | Killed a troll
  2902 | D:11     | Reached skill level 10 in Axes
  3042 | D:12     | Noticed a manticore
  3051 | D:12     | Noticed a deep elf mage
  3051 | D:12     | Killed a manticore
  3051 | D:12     | Reached skill level 11 in Axes
  3060 | D:12     | Reached XP level 10. HP: 22/76 MP: 10/10
  3063 | D:12     | Killed a deep elf mage
  3063 | D:12     | Reached skill level 12 in Axes
  3379 | D:12     | Noticed an unseen horror
  3397 | D:12     | Killed an unseen horror
  3533 | D:12     | Noticed a gargoyle
  3542 | D:12     | Killed a gargoyle
  3560 | D:12     | Noticed a manticore
  3564 | D:12     | Slain by a manticore

Vault maps used:
D:1:      dpeg_arrival_another_circle
D:2:      minmay_heptomino_w4
D:4:      grunt_gozag_breadcrumbs
D:5:      first_bread, uniq_edmund
D:6:      uniq_sigmund
D:7:      basic_altar
D:8:      grunt_temple_overflow_open, david_lair_shrubbed
D:9:      zombieorc2_lemuel, david_nohive_1
D:12:     onia_ninara_cookie
D:13:     portal_ice_cave_entry_pillars_1, basic_altar, eino_jars, uniq_nessos

Skill      XL: |  1  2  3  4  5  6  7  8  9 10 |
---------------+-------------------------------+-----
Axes           | 3 4 5 6 7 8 9 11 12 | 12.8
Fighting       | 4 5 |  5.7
Shields        | 4 |  4.2
Armour         | 2 |  2.2
Dodging        | |  2.1

Action                   |  1- 3 |  4- 6 |  7- 9 | 10-12 || total
-------------------------+-------+-------+-------+-------++-------
Melee: Hand axe          |    90 |    39 |   118 |       ||   247
       Bite              |     5 |     6 |    36 |    13 ||    60
       War axe           |       |       |   163 |    73 ||   236
Invok: Berserk           |     4 |     5 |     8 |     3 ||    20
       Trog's Hand       |     1 |     1 |    14 |     2 ||    18
 Abil: End Transformatio |     1 |     4 |     3 |     1 ||     9
       Bat Form          |     1 |     4 |     3 |     1 ||     9
Evoke: Wand              |       |       |       |     3 ||     3
  Use: Potion            |     6 |     5 |    23 |     6 ||    40
       Scroll            |       |     1 |     6 |     3 ||    10
Armor: Animal skin       |    12 |       |       |       ||    12
       Chain mail        |     8 |    14 |   152 |    26 ||   200
       Plate armour      |       |       |       |     5 ||     5
Dodge: Dodged            |    84 |    20 |   102 |    41 ||   247
Block: Buckler           |       |       |    26 |    22 ||    48
